 Dungeon Crawl Stone Soup version 0.21.1-1-g345015f (webtiles) character file.

209 sepiko the Chopper (level 5, 0/50 HPs)
             Began as a Minotaur Berserker on Mar 12, 2018.
             Was a Believer of Trog.
             Slain by a wight
             ... wielding a +4 spear of freezing
              (4 damage)
             ... on level 3 of the Dungeon.
             The game lasted 00:05:00 (1869 turns).

sepiko the Chopper (Minotaur Berserker)             Turns: 1869, Time: 00:05:00

Health: 0/50       AC:  3    Str: 22    XL:     5   Next: 55%
Magic:  4/4        EV: 11    Int:  4    God:    Trog [**....]
Gold:   88         SH:  0    Dex: 10    Spells: 4/4 levels left

rFire    . . .     SeeInvis .   a - +0 hand axe
rCold    . . .     Gourm    .   (no shield)
rNeg     . . .     Faith    .   h - +0 leather armour
rPois    .         Spirit   .   (helmet restricted)
rElec    .         Reflect  .   (no cloak)
rCorr    .         Harm     .   (no gloves)
MR       .....                  (no boots)
Stlth    +.........             (no amulet)
HPRegen  0.16/turn              (no ring)
MPRegen  0.09/turn              (no ring)

@: drained
A: retaliatory headbutt, horns 2
a: Berserk, Trog's Hand, Burn Spellbooks, Renounce Religion


You were on level 3 of the Dungeon.
You worshipped Trog.
Trog was pleased with you.
You were not hungry.

You visited 1 branch of the dungeon, and saw 3 of its levels.

You collected 88 gold pieces.

Inventory:

Hand Weapons
 a - a +0 hand axe (weapon)
 f - a +1 dagger of electrocution
Armour
 h - a +0 leather armour (worn)
Scrolls
 b - 3 scrolls of identify {unknown}
 d - a scroll of remove curse {unknown}
 e - a scroll of immolation
 k - a scroll of teleportation {unknown}
Potions
 g - a potion of berserk rage {unknown}
 j - a potion of heal wounds {unknown}
Comestibles
 c - 6 rations
 i - a chunk of flesh


   Skills:
 + Level 6.0(4.9) Fighting
 + Level 6.0(4.9) Axes
 - Level 2.4(1.4) Armour
 - Level 2.1(1.2) Dodging


You had 4 spell levels left.
You didn't know any spells.

Dungeon Overview and Level Annotations

Branches:
Dungeon (3/15)

Altars:
Vehumet

Annotations:
D:2 Sigmund


Innate Abilities, Weirdness & Mutations

You reflexively headbutt those who attack you in melee.
You have a pair of horns on your head.


Message History

The wight is moderately damaged.
The wight barely misses you. The wight misses you.
You barely miss the wight.
The wight is moderately damaged.
The wight barely misses you.
The wight hits you with an enchanted battleaxe!
You feel drained.
You hit the wight.
The wight is heavily damaged.
The wight hits you from afar with a spear of freezing!
You feel drained. The wight freezes you.
The wight hits you with an enchanted battleaxe!
* * * LOW HITPOINT WARNING * * *
There is a stone staircase leading up here.
The wight hits you from afar with a spear of freezing!
* * * LOW HITPOINT WARNING * * *
You feel drained.
* * * LOW HITPOINT WARNING * * *
The wight freezes you.
You die...

#######.##..#.####..#
#.###.#.# #..#
#.###...# #..#
#.......# #..#
######.## #..# #.##
#..# #..# #..#
#####.####..#
#..@.z..รท...#
######z###..#
#.z##..# ##.##....
#.##..### #(##..#
#.##.## #.. .# ##.


You could see 2 wights.

Vanquished Creatures
  A phantom (D:3)
  Natasha (thrice) (D:2)
  An adder (D:3)
  2 dart slugs (D:1)
  A leopard gecko (D:1)
  A giant cockroach (D:1)
  3 goblins (D:1)
  5 hobgoblins (D:1)
  4 jackals (D:2)
  A kobold (D:3)
  6 bats
  A frilled lizard (D:1)
  6 rats
35 creatures vanquished.

Notes
Turn   | Place    | Note
-------+----------+-------------------------------------------
     0 | D:1      | sepiko the Minotaur Berserker began the quest for the Orb.
     0 | D:1      | Reached XP level 1. HP: 19/19 MP: 0/0
   196 | D:1      | Reached XP level 2. HP: 18/27 MP: 1/1
  1037 | D:2      | Reached XP level 3. HP: 32/34 MP: 2/2
  1126 | D:2      | Noticed Natasha
  1132 | D:2      | Killed Natasha
  1132 | D:2      | Reached ** piety under Trog
  1245 | D:2      | Noticed Natasha
  1253 | D:2      | Killed Natasha
  1253 | D:2      | Reached skill level 5 in Fighting
  1253 | D:2      | Reached skill level 5 in Axes
  1253 | D:2      | Reached XP level 4. HP: 30/42 MP: 3/3
  1261 | D:2      | Noticed Natasha
  1265 | D:2      | Killed Natasha
  1481 | D:2      | Found a radiant altar of Vehumet.
  1522 | D:2      | Noticed Sigmund
  1589 | D:3      | Noticed a phantom
  1605 | D:3      | Killed a phantom
  1605 | D:3      | Reached XP level 5. HP: 25/50 MP: 4/4
  1869 | D:3      | Slain by a wight

Skill      XL: |  1  2  3  4  5 |
---------------+----------------+-----
Fighting       | 4 5 6 |  6.0
Axes           | 4 5 6 |  6.0
Armour         | |  2.4
Dodging        | |  2.1

Action                   |  1- 3 |  4- 6 || total
-------------------------+-------+-------++-------
Melee: Hand axe          |    32 |     3 ||    35
       Headbutt          |    11 |     4 ||    15
       Dagger            |    36 |    20 ||    56
Invok: Berserk           |     2 |     1 ||     3
  Use: Scroll            |     1 |       ||     1
  Eat: Chunk             |     2 |     4 ||     6
Armor: Animal skin       |     5 |       ||     5
       Leather armour    |     5 |     1 ||     6
Dodge: Dodged            |    42 |    15 ||    57
